 Dungeon Crawl Stone Soup version 0.23-a0-417-gf02c810438 (webtiles) character file.

721 Nixze the Scholar of Death (level 7, -4/46 HPs)
             Began as a Mummy Necromancer on Nov 10, 2018.
             Was a Follower of Kikubaaqudgha.
             Slain by an orc warrior
             ... wielding a +0 dire flail
              (11 damage)
             ... on level 7 of the Dungeon.
             The game lasted 00:15:47 (5644 turns).

Nixze the Scholar of Death (Mummy Necromancer)      Turns: 5644, Time: 00:15:47

Health: -4/46      AC:  7    Str: 11    XL:     7   Next: 43%
Magic:  10/16      EV: 11    Int: 16    God:    Kikubaaqudgha [*.....]
Gold:   424        SH:  0    Dex: 13    Spells: 7/18 levels left

rFire    x . .     SeeInvis .   n - +2 scythe (freeze)
rCold    + . .     Gourm    .   (shield currently unavailable)
rNeg     + + +     Faith    .   l - +0 leather armour (curse)
rPois    ∞         Spirit   .   (no helmet)
rElec    .         Reflect  .   (no cloak)
rCorr    .         Harm     .   d - +0 pair of gloves
MR       .....                  (no boots)
Stlth    ++........             (no amulet)
HPRegen  0.15/turn              m - +3 ring of protection
MPRegen  0.15/turn              (no ring)

@: no status effects
A: no food or potions, fire vulnerability, cold resistance 1, negative energy
resistance 3, torment resistance, unbreathing
a: Receive Corpses, Renounce Religion


You were on level 7 of the Dungeon.
You worshipped Kikubaaqudgha.
Kikubaaqudgha was aware of your devotion.
You were not hungry.

You visited 1 branch of the dungeon, and saw 7 of its levels.

You collected 424 gold pieces.

Inventory:

Hand Weapons
 n - a +2 scythe of freezing (weapon)
Armour
 d - a +0 pair of gloves (worn)
 l - a cursed +0 leather armour (worn)
Jewellery
 m - a +3 ring of protection (left hand)
 o - a cursed ring of teleportation {unknown}
 p - an uncursed amulet of the gourmand {unknown}
Wands
 h - a wand of enslavement (8)
 k - a wand of paralysis (9)
Scrolls
 a - 3 scrolls of magic mapping
 b - a scroll of immolation
 c - a scroll of enchant armour {unknown}
 e - 3 scrolls of identify
 f - a scroll of fear
 g - 2 scrolls of enchant weapon {unknown}
 i - 2 scrolls of teleportation
 j - a scroll of amnesia {unknown}


   Skills:
 - Level 1.5 Dodging
 - Level 1.5 Stealth
 + Level 6.2 Spellcasting
 * Level 7.9 Necromancy


You had 7 spell levels left.
You knew the following spells:

 Your Spells              Type           Power        Failure   Level  Hunger
a - Pain                  Necr           ####         1%          1    N/A
b - Animate Skeleton      Necr           N/A          1%          1    N/A
c - Vampiric Draining     Necr           ####......   1%          3    N/A
d - Animate Dead          Necr           N/A          7%          4    N/A
e - Corpse Rot            Necr           N/A          1%          2    N/A

Your spell library contained the following spells:

 Spells                   Type           Power        Failure   Level  Hunger
 Shock                    Conj/Air       #...         19%         1    N/A
 Swiftness                Chrm/Air       #.......     26%         2    N/A
 Static Discharge         Conj/Air       #.......     47%         3    N/A
 Airstrike                Air            #.........   87%         4    N/A
 Lightning Bolt           Conj/Air       #.........   99%         5    N/A
 Regeneration             Chrm/Necr      Unusable     N/A         3    N/A

Dungeon Overview and Level Annotations

Branches:
Dungeon (7/15)             Temple (0/1) D:5

Altars:
Fedhas
Gozag
Kikubaaqudgha
Okawaru
Ru
The Shining One

Shops:
D:6 *


Innate Abilities, Weirdness & Mutations

You do not eat or drink.
Your flesh is vulnerable to fire.
You are immune to poison.
Your flesh is cold resistant. (rC+)
You are immune to negative energy. (rN+++)
You are immune to unholy pain and torment.
You can survive without breathing.


Message History

The orc warrior is engulfed in dark miasma.
The orc warrior looks even sicker.
The orc warrior seems to slow down.
You kill the orc warrior!
Kikubaaqudgha accepts your kill.
You closely miss the orc warrior.
The orc warrior is moderately wounded.
The orc warrior closely misses you. x2
You barely miss the orc warrior.
The orc warrior is moderately wounded.
The orc warrior hits you but does no damage.
An orc wizard comes into view. It is wielding a +0 dagger.
The orc warrior closely misses you.
The orc wizard gestures at you while chanting.
You slash the orc warrior! You freeze the orc warrior.
The orc warrior is severely wounded.
The orc warrior hits you with a +0 dire flail!!
* * * LOW HITPOINT WARNING * * *
The orc warrior hits you with a +0 dire flail!
You die...
Kikubaaqudgha rasps: "You have failed me!
Welcome... oblivion!"

##################
+.................
#.................
#....##...........
#....##...........
#....##.....##..##
#....##.....##..#.
#@....+......'..'.
#.o)§.o....#......#..#.
#.........######.##..#.
#######...# .#####..#.
.....# ........#.
.....# ........#. ....#
........#. ..###
###.....#. ###.....##


You could see an orc warrior and an orc.

Vanquished Creatures
  An orc warrior (D:7)
  An ogre (D:5)
  2 scorpions
  Jessica (D:2)
  An iguana (D:4)
  3 worker ants
  4 gnolls (D:6)
  6 adders
  An adder skeleton (D:4)
  A worm (D:3)
  3 dart slugs
  2 leopard geckos (D:3)
  12 orcs
  2 ball pythons
  6 giant cockroaches
  8 goblins
  9 hobgoblins
  8 jackals
  7 kobolds
  2 quokkas
  8 bats
  3 frilled lizards (D:1)
  A quokka skeleton (D:6)
  8 rats
100 creatures vanquished.

Vanquished Creatures (collateral kills)
  Sigmund (D:5)
  A jackal (D:2)
  A jackal skeleton (D:4)
  A rat (D:2)
4 creatures vanquished.

Grand Total: 104 creatures vanquished

Notes
Turn   | Place    | Note
-------+----------+-------------------------------------------
     0 | D:1      | Nixze the Mummy Necromancer began the quest for the Orb.
     0 | D:1      | Reached XP level 1. HP: 13/13 MP: 4/4
   357 | D:1      | Learned a level 1 spell: Animate Skeleton
   387 | D:1      | Reached XP level 2. HP: 19/19 MP: 3/6
  1125 | D:2      | Found a blossoming altar of Fedhas.
  1151 | D:2      | Found a sacrificial altar of Ru.
  1152 | D:2      | Found a glowing golden altar of the Shining One.
  1154 | D:2      | Found an ancient bone altar of Kikubaaqudgha.
  1156 | D:2      | Found an iron altar of Okawaru.
  1164 | D:2      | Became a worshipper of Kikubaaqudgha
  1188 | D:2      | Noticed Jessica
  1193 | D:2      | Killed Jessica
  1193 | D:2      | Reached XP level 3. HP: 24/24 MP: 1/8
  1293 | D:2      | Reached skill level 5 in Necromancy
  1534 | D:2      | Reached XP level 4. HP: 30/30 MP: 5/9
  1805 | D:2      | Learned a level 3 spell: Vampiric Draining
  1810 | D:2      | Learned a level 4 spell: Animate Dead
  2233 | D:3      | Reached * piety under Kikubaaqudgha
  2233 | D:3      | Identified Kikubaaqudgha's Papyrus of Unholy Rites
                  | (Kikubaaqudgha gifted it to you on level 3 of the Dungeon)
  2233 | D:3      | Received a gift from Kikubaaqudgha
  2239 | D:3      | Learned a level 2 spell: Corpse Rot
  2685 | D:3      | Reached XP level 5. HP: 35/35 MP: 5/11
  3322 | D:4      | Reached skill level 6 in Necromancy
  3597 | D:4      | You fall through a shaft!
  3597 | D:5      | Entered Level 5 of the Dungeon
  3712 | D:5      | Found a staircase to the Ecumenical Temple.
  3823 | D:5      | Noticed Sigmund
  3846 | D:5      | Killed Sigmund
  3846 | D:5      | Reached skill level 5 in Spellcasting
  3846 | D:5      | Reached XP level 6. HP: 34/41 MP: 1/13
  4127 | D:4      | Reached skill level 7 in Necromancy
  4604 | D:5      | Reached XP level 7. HP: 46/46 MP: 11/15
  4607 | D:5      | Found an opulent altar of Gozag.
  4994 | D:6      | Found Bimuhut's General Store.
  5644 | D:7      | Slain by an orc warrior

Vault maps used:
D:1:      eino_arrival_tree_alley
D:2:      grunt_temple_overflow_open, minmay_pentomino_p4, uniq_jessica
D:4:      first_ration
D:5:      grunt_gozag_statues, minmay_temple_entry_purple_smoke, uniq_sigmund
D:6:      serial_shops, nicolae_shop_stone, nicolae_benzene_ring
D:7:      the_bakery

Skill      XL: |  1  2  3  4  5  6  7 |
---------------+----------------------+-----
Spellcasting   | 3 4 5 6 |  6.2
Necromancy     | 5 6 7 |  7.9
Dodging        | |  1.5
Stealth        | |  1.5

Action                   |  1- 3 |  4- 6 |  7- 9 || total
-------------------------+-------+-------+-------++-------
Melee: Unarmed           |     4 |       |       ||     4
       Short sword       |     4 |    13 |       ||    17
       Scythe            |       |    15 |    15 ||    30
 Cast: Pain              |    54 |   113 |    30 ||   197
       Animate Skeleton  |    12 |    14 |     3 ||    29
       Vampiric Draining |       |     2 |       ||     2
       Animate Dead      |       |       |     2 ||     2
       Corpse Rot        |       |       |     1 ||     1
Invok: Receive Corpses   |       |     1 |       ||     1
  Use: Scroll            |       |     4 |       ||     4
 Stab: Distracted        |       |     1 |       ||     1
       Sleeping          |       |     1 |       ||     1
Armor: Robe              |    12 |     2 |       ||    14
       Leather armour    |       |    16 |     3 ||    19
Dodge: Dodged            |    20 |    37 |    15 ||    72

Table legend:
 A = Non-vault XP
 B = Vault XP
 C = Vault XP percentage of total XP
 D = Non-vault monster count
 E = Vault monster count
 F = Vault count percentage of total count
                 A         B        C        D         E       F
            +---------+---------+-------+---------+---------+-------
      Total |     789 |     242 |  23.5 |      98 |       6 |   5.8
            +---------+---------+-------+---------+---------+-------
        D:1 |      28 |       0 |   0.0 |      18 |       0 |   0.0
        D:2 |      50 |      56 |  52.8 |      17 |       5 |  22.7
        D:3 |      71 |       0 |   0.0 |      27 |       0 |   0.0
        D:4 |     146 |       0 |   0.0 |      11 |       0 |   0.0
        D:5 |     203 |     186 |  47.8 |      10 |       1 |   9.1
        D:6 |     157 |       0 |   0.0 |      11 |       0 |   0.0
        D:7 |     134 |       0 |   0.0 |       4 |       0 |   0.0
            +---------+---------+-------+---------+---------+-------
